Cogmind - Beta 15 @@@ ROGUE MODE // 2025.09.10 @ 08:05:13 Player: k1ll3rb0t Result: Destroyed by P-80 Master with Gamma Rifle Performance ------------- Evolutions (9) 4500 Regions Visited (25) 5000 Robots Destroyed (457) 2285 Value Destroyed (21709) 21709 Prototype IDs (31) 620 Alien Tech Used (4) 800 Bonus (10573) 10573 TOTAL SCORE: 45487 Bonus ------- High Alert Combat Kills 2190 Follower Combat Kills 1329 Entered Garrisons 400 Network Hubs Disabled 200 Acquired ECA 300 Met Warlord at Base 500 MAIN.C Attacked Warlord 500 Warlord Defense Kills 164 Built Enhanced Grunts 300 Met R17 at Cetus 500 Met R17 at Research 2000 Scanned by Researcher 500 Met Sigix 2000 Friendly Fire -310 Cogmind --------- Core Integrity 0/1600 Matter 143/300 Energy 257/260 System Corruption 48% Temperature Cool (9) Movement Flying (34) Location -1/Access Parts ------- > --- POWER (2) -------- Light Antimatter Reactor Light Quantum Reactor > --- PROPULSION (6) --- Field Propulsion Array Field Propulsion Array Field Propulsion Array > --- UTILITY (11) ----- Enhanced Optical Array > --- WEAPON (6) ------- Heavy Machine Gun Heavy Shock Bomb Launcher (fused) > --- INVENTORY (5) ---- Xenon Bombardment Thruster Large Storage Unit Improved Reaction Control System Sigix Containment Pod Peak State ------------ > --- POWER ------------ Graviton Reactor Graviton Reactor > --- PROPULSION ------- Centrium Heavy Treads Centrium Heavy Treads Centrium Heavy Treads > --- UTILITY ---------- Advanced Coolant Injector Large Storage Unit Experimental Energy Well Experimental Signal Interpreter Improved Melee Analysis Suite Advanced Melee Analysis Suite Nanoactuators Heavy Armor Plating Improved Hacking Suite Advanced System Shield > --- WEAPON ----------- Gamma Bomb Array Core Stripper Sigix Broadsword Plasma Lance > --- INVENTORY -------- Quantum Reactor Centrium Heavy Treads Centrium Heavy Treads Centrium Leg Advanced Heat Sink Centrium Medium Armor Plating Advanced Shield Generator Gamma Bomb Array Phasing Sabre Plasma Lance Plasma Lance Sigix Containment Pod [Rating: 214] Favorites ----------- Power Reinforced Deuterium Engine Engine Reinforced Deuterium Engine Power Core Neutrino Core Reactor Fusion Reactor Propulsion Armored Medium Treads Treads Armored Medium Treads Leg Carbon-fiber Leg Wheel Centrium Wheel Flight Unit Xenon Bombardment Thruster Utility Advanced Signal Interpreter Device Advanced Sensor Array Storage High-capacity Storage Unit Processor Advanced Signal Interpreter Hackware Hacking Suite Protection Centrium Medium Armor Plating Artifact Phase Armor Weapon Power Maul Energy Gun Gatling Laser Ballistic Gun Flak Gun Ballistic Cannon Heavy Mass Driver Launcher Gamma Bomb Array Special Weapon Molecular Deconstructor Impact Weapon Power Maul Slashing Weapon Molecular Scythe Piercing Weapon Plasma Lance Build | -11 -10 -9 -8 -7 -7 -7 -6 -6 -6 -6 -6 -5 -5 -5 -5 -5 -5 -4 -4 -4 -4 -3 -3 -2 -1 ------- Run | Yrd Mat Mat Mat Fac Gar Fac Fac Ext Cet Arc Hub Fac Gar Fac Upp Upp War Pro Fac Was Fac Res Qua Res Acc Slots Evolved 18 | . . 2 2 2 . . 2 . . . . 2 . . . . . . 2 . . 2 . 2 2 Power 1 | . . . . . . . . . . . . . . . . . . . 1 . . . . . . Propulsion 4 | . . . 1 1 . . . . . . . 2 . . . . . . . . . . . . . Utility 9 | . . 1 . 1 . . 2 . . . . . . . . . . . 1 . . 2 . 1 1 Weapon 4 | . . 1 1 . . . . . . . . . . . . . . . . . . . . 1 1 Parts Attached 401 | 8 13 32 27 18 10 27 22 19 9 4 4 2 4 20 5 1 6 3 6 . 49 24 27 15 46 Power 53 | 2 4 6 2 2 1 1 . 1 2 . . 2 1 1 . . 1 . 1 . 8 4 3 3 8 Engine 20 | 2 3 6 2 2 1 1 . 1 . . . 1 . . . . . . . . . 1 . . . Core 9 | . 1 . . . . . . . . . . . 1 1 . . 1 . . . 5 . . . . Reactor 24 | . . . . . . . . . 2 . . 1 . . . . . . 1 . 3 3 3 3 8 Propulsion 101 | 2 3 8 9 8 . 7 4 5 2 . 1 . . 5 . . 1 . 1 . 8 3 10 6 18 Treads 64 | . . 8 5 4 . 7 4 5 2 . 1 . . 5 . . 1 . 1 . 7 2 5 . 7 Leg 23 | 2 3 . 4 4 . . . . . . . . . . . . . . . . . . 5 5 . Wheel 3 | . . . . . . . . . . . . . . . . . . . . . 1 1 . 1 . Hover . | . . . . . . . . . . . . . . . . . . . . . . . . . . Flight 11 | . . . . . . . . . . . . . . . . . . . . . . . . . 11 Utility 118 | 2 2 8 6 4 5 6 9 8 3 1 1 . . 7 1 1 1 2 3 . 16 11 8 5 8 Device 57 | 1 1 3 2 2 3 3 5 2 1 1 1 . . 3 . 1 1 . 2 . 11 6 5 . 3 Storage 13 | 1 1 1 . . 1 1 . . . . . . . 1 1 . . 1 . . . 3 1 1 . Processor 9 | . . . . . . 1 1 . . . . . . 1 . . . . . . 1 . 1 1 3 Hackware 5 | . . . 1 . . . 1 . . . . . . . . . . . 1 . . 1 . 1 . Protection 33 | . . 4 3 2 1 1 2 6 2 . . . . 2 . . . 1 . . 4 1 . 2 2 Artifact 1 | . . . . . . . . . . . . . . . . . . . . . . . 1 . . Weapon 129 | 2 4 10 10 4 4 13 9 5 2 3 2 . 3 7 4 . 3 1 1 . 17 6 6 1 12 Energy Gun 25 | 1 . . . . 1 4 2 2 . 1 1 . 1 2 . . 1 . 1 . 7 . . . 1 Energy Cannon . | . . . . . . . . . . . . . . . . . . . . . . . . . . Ballistic Gun 46 | 1 2 9 5 1 1 6 7 . 1 2 . . 1 1 . . . . . . 5 . . . 4 Ballistic Cannon 20 | . . . 4 1 1 . . 3 1 . . . 1 2 1 . 2 1 . . 2 . . . 1 Launcher 14 | . . . 1 . . 2 . . . . 1 . . . 2 . . . . . 3 1 2 1 1 Special Weapon 3 | . 1 . . . 1 . . . . . . . . . 1 . . . . . . . . . . Impact Weapon 6 | . 1 1 . . . 1 . . . . . . . 1 . . . . . . . . 1 . 1 Slashing Weapon 10 | . . . . 2 . . . . . . . . . 1 . . . . . . . 1 2 . 4 Piercing Weapon 5 | . . . . . . . . . . . . . . . . . . . . . . 4 1 . . Special Melee Weapon . | . . . . . . . . . . . . . . . . . . . . . . . . . . Unidentified Prototypes 27 | . . 1 1 1 . 1 . . 3 . . 1 . . 1 . 1 . . . 5 6 4 1 1 Corrupted Parts 14 | . . . 1 . . . . . 4 . 1 . . . . . . . . . 1 . 7 . . System Corruption 95 | . . . 12 . . . . . 25 . 8 . . . . . . . . . 2 . 48 . . Parts Lost 168 | . 1 4 15 7 7 1 1 15 2 1 1 . . 9 . . . 2 . . 46 1 12 . 43 Power 21 | . 1 2 1 . 1 . . 1 . . . . . 2 . . . . . . 6 . 1 . 6 Propulsion 49 | . . 2 5 3 1 . 1 3 2 . . . . 1 . . . 1 . . 11 . 6 . 13 Utility 46 | . . . 4 3 2 . . 5 . . . . . 3 . . . . . . 14 . 4 . 11 Weapon 52 | . . . 5 1 3 1 . 6 . 1 1 . . 3 . . . 1 . . 15 1 1 . 13 Highest Loss Streak 26 | . 1 3 12 2 3 1 1 8 2 1 1 . . 3 . . . 1 . . 26 1 4 . 15 To Critical Strikes 6 | . . . . 1 . . . . 2 . . . . . . . . 1 . . . . 1 . 1 Average Backups 16 | 4 12 14 11 14 17 19 19 19 19 18 18 18 19 17 20 21 20 20 19 20 18 7 8 10 5 Power 1 | . 2 1 1 1 1 1 1 . 1 1 1 1 1 1 1 1 1 1 1 1 1 . . . . Propulsion 4 | 3 6 4 2 4 8 5 6 5 4 4 4 3 4 4 5 5 4 4 3 4 2 1 1 1 1 Utility 4 | . 1 3 3 3 4 6 5 5 6 6 6 7 6 4 7 8 7 7 8 8 7 . . 3 1 Weapon 5 | . 1 4 1 3 3 5 5 6 7 6 6 6 6 5 5 5 5 6 6 6 6 4 4 4 1 Tool/Special . | . . . . . . . . . . . . . . . . . . . . . . . . . . Unused Backups 86 | . 3 7 3 3 8 4 2 5 4 1 2 . 4 6 3 . 4 . 1 . 4 11 2 2 7 Power 5 | . . . . 2 . . 1 . . . . . . . . . . . . . . . . 1 1 Propulsion 24 | . 1 2 . . 4 2 . 3 2 . 2 . . . . . . . . . . 3 . 1 4 Utility 24 | . . 3 2 . . 2 . 1 2 . . . 2 2 2 . 1 . 1 . 2 . 2 . 2 Weapon 29 | . 2 2 . . 4 . 1 1 . 1 . . 2 4 1 . 2 . . . 1 8 . . . Tool/Special 4 | . . . 1 1 . . . . . . . . . . . . 1 . . . 1 . . . . Average Slot Usage (%) 87 | . 99 99 93 98 95 91 95 99 91 86 86 82 80 81 87 88 87 82 83 83 82 68 79 85 56 Engine 3 | . 13 10 8 7 6 6 6 6 4 . . 2 4 1 . . . . . . . . . . . Core 1 | . . . . . . . . . . . . . . 3 . . 1 5 5 5 3 . . . . Reactor 2 | . . . . . . . . . 1 6 6 2 . . 5 5 3 . 4 5 5 6 8 8 6 Treads 20 | . . 20 10 4 29 29 25 26 18 13 13 17 17 22 29 29 28 27 25 26 22 15 17 . 7 Leg 3 | . 28 1 13 24 . . . . . . . . . . . . . . . . . . 1 24 1 Device 9 | . 14 4 1 14 16 6 8 6 6 6 6 5 5 8 17 17 17 11 12 10 10 11 13 9 4 Storage 6 | . 14 11 9 7 7 7 6 6 6 6 6 5 5 5 5 5 5 6 5 5 4 4 9 8 5 Processor 3 | . . . . . . . 6 6 6 6 6 5 5 5 5 5 5 5 5 5 5 4 4 7 9 Hackware 2 | . . . . . . . 4 6 6 6 6 5 5 3 . . . . 3 5 4 2 4 7 2 Protection 7 | . . 16 14 6 2 7 8 11 13 13 13 11 11 9 5 5 4 4 4 5 5 3 1 3 2 Energy Gun 3 | . 5 . . . 4 7 12 4 . . 11 11 8 2 4 5 3 . 1 6 4 . . . . Ballistic Gun 7 | . 16 32 20 2 5 16 8 12 10 18 12 9 4 3 . . . . . . 2 . . . 1 Ballistic Cannon 4 | . . . 2 20 9 . . 7 14 6 . . 1 5 10 11 10 11 8 . 6 . . . . Impact Weapon 1 | . 1 . 4 3 . 3 3 . . . . 1 5 4 . . . . 1 3 2 1 . 4 1 Slashing Weapon 1 | . . . . 2 6 1 . . . . . . . . . . . . . . . 1 10 3 4 Peak Build Rating 214 | 9 12 20 31 48 57 61 70 70 107 110 109 124 121 122 116 113 123 117 129 132 134 145 176 193 214 Average Rating 88 | 4 9 17 24 40 49 57 64 64 84 108 106 120 117 113 111 112 113 114 125 128 115 118 154 186 128 On Entrance 87 | . 9 10 20 31 46 57 57 70 59 105 109 107 117 121 111 113 111 117 107 127 132 55 137 155 193 Naked Turns 7 | . . . . . . . . . . . . . . . . . . . . . . . . . 7 Heaviest Build 177 | 13 29 42 53 58 88 92 98 91 101 97 96 92 98 136 139 136 140 153 170 155 177 78 105 102 104 Greatest Support 240 | 20 20 40 60 112 112 104 114 114 160 160 160 240 240 240 184 184 191 191 188 188 209 216 216 161 240 Greatest Overweight (x) 10 | . 1 1 2 1 . 1 1 . 1 . . . . 1 . . . . . . 10 10 . . 1 Average Overweight (x) . | . . . . . . . . . . . . . . . . . . . . . . . . . . Largest Inventory Capacity 25 | 8 15 15 15 15 20 20 20 20 20 20 20 20 20 25 25 25 25 25 25 25 25 10 10 15 15 Average Capacity 18 | 6 13 15 15 15 19 20 20 20 20 20 20 20 20 20 25 25 25 25 25 25 24 8 10 13 12 Most Carried 25 | 8 15 15 15 15 20 20 20 20 20 20 20 19 20 22 25 25 25 25 25 25 25 10 10 15 15 Average Carried 17 | 5 12 14 11 14 17 19 19 19 19 19 19 18 19 19 24 25 24 24 24 24 22 8 9 12 8 Final Capacity 25 | 8 15 15 15 15 20 20 20 20 20 20 20 20 20 25 25 25 25 25 25 25 5 10 10 15 5 Final Carried 25 | 8 15 15 15 14 20 20 20 20 20 20 20 19 20 22 25 25 25 25 25 25 3 10 8 15 5 Class Distribution -------------------- 48% | Tank 19% | Scavenger-Tank 10% | Scavenger-Gladiator 9% | Mutant 3% | Skirmisher Dominant Class ---------------- Mutant | -10/Materials Tank | -9/Materials Tank | -8/Materials Tank | -7/Factory Scavenger-Gunner | -7/Garrison Tank | -7/Factory Tank | -6/Factory Tank | -6/Extension Commander-Tank | -6/Cetus Scavenger-Tank | -6/Archives Scavenger-Tank | -6/Hub_04(d) Scavenger-Tank | -5/Factory Scavenger-Tank | -5/Garrison Scavenger-Tank | -5/Factory Tank | -5/Upper Caves Tank | -5/Upper Caves Tank | -5/Warlord Tank | -4/Proximity Caves Tank | -4/Factory Tank | -4/Waste Tank | -4/Factory Mutant | -3/Research Scavenger-Gladiator | -3/Quarantine Scavenger-Gladiator | -2/Research Scavenger-Gladiator | -1/Access Resources | -11 -10 -9 -8 -7 -7 -7 -6 -6 -6 -6 -6 -5 -5 -5 -5 -5 -5 -4 -4 -4 -4 -3 -3 -2 -1 ----------- Run | Yrd Mat Mat Mat Fac Gar Fac Fac Ext Cet Arc Hub Fac Gar Fac Upp Upp War Pro Fac Was Fac Res Qua Res Acc Matter Collected 16154 | 267 289 783 688 757 806 882 1089 951 330 102 186 . 19 1666 626 50 250 848 439 546 2548 639 616 240 537 Remotely 3410 | . . . 17 194 . . . . . . . . . 332 109 . 250 649 90 392 1377 . . . . Salvage Created 21040 | 18 612 1267 804 702 869 1363 1334 862 369 . 304 . 19 1065 231 . 80 651 35 1399 2012 916 3362 344 2422 Parts 809 | 4 29 69 43 33 39 77 49 41 13 . 14 . . 27 9 . 3 13 . 2 70 22 145 12 95 Haulers Intercepted 19 | . 2 4 . . . 1 1 . . . . . . 1 . . . . . . 2 3 1 3 1 Recyclers Shooed 33 | . 2 2 3 1 . 6 12 1 . . . . . 1 . . . . . . 1 1 3 . . Parts Field Recycled . | . . . . . . . . . . . . . . . . . . . . . . . . . . Retrieved Matter . | . . . . . . . . . . . . . . . . . . . . . . . . . . Parts Self-Destructed 19 | . . . . . . . . . . . . . . . 4 . . 15 . . . . . . . Prevented . | . . . . . . . . . . . . . . . . . . . . . . . . . . Kills | -11 -10 -9 -8 -7 -7 -7 -6 -6 -6 -6 -6 -5 -5 -5 -5 -5 -5 -4 -4 -4 -4 -3 -3 -2 -1 ------- Run | Yrd Mat Mat Mat Fac Gar Fac Fac Ext Cet Arc Hub Fac Gar Fac Upp Upp War Pro Fac Was Fac Res Qua Res Acc Combat Hostiles Destroyed 353 | . 13 22 19 14 22 25 27 19 4 . 3 . . 24 13 . 2 24 2 6 50 5 29 1 29 Melee 42 | . . . . 2 4 . 2 . . . . . . 1 . . 1 . . . 1 . 12 1 18 Guns 135 | . 13 22 4 4 8 22 21 8 . . 1 . . 7 . . . . . 1 23 . . . 1 Cannons 58 | . . . . 6 3 . . 7 1 . . . . 15 2 . 1 7 2 . 14 . . . . AOE 87 | . . . 14 2 7 3 2 4 . . 2 . . . 11 . . 12 . 5 10 5 5 . 5 Classes Destroyed 21 | 1 5 3 2 3 . . 1 . . . 1 . . . . . 1 1 . 1 . . 2 . . Worker 15 | . . . 3 1 . 5 1 . . . . . . . . . . . . . 1 1 2 1 . Builder 27 | . . . 4 1 . 5 1 3 . . 1 . . 3 . . . . . . 3 2 1 1 2 Tunneler 3 | 1 . . . . . 1 . . . . . . . . . . . . . . . 1 . . . Hauler 19 | . 2 4 . . . 1 1 . . . . . . 1 . . . . . . 2 3 1 3 1 Recycler 20 | . 1 3 2 3 . 3 . . . . . . . . . . . . . . . 2 5 . 1 Mechanic 2 | . 1 . 1 . . . . . . . . . . . . . . . . . . . . . . Operator 6 | . . 1 2 . . 1 . 1 . . . . . . . . . . . . . 1 . . . Watcher 5 | . . . . . . . 2 . 2 . . . . . . . . . . . . . . . 1 Swarmer 81 | . 6 7 2 1 10 6 8 4 . . . . . . 7 . . 12 . . 9 2 . 1 6 Saboteur 1 | . . . . . . . . . . . . . . . . . 1 . . . . . . . . Grunt 113 | . 7 8 14 7 10 13 8 6 . . . . . 13 2 . 1 3 . . 13 2 4 . 2 Brawler 11 | . . 1 1 . 1 1 1 1 . . . . . 1 1 . . 1 . . . . . . 2 Duelist 9 | . . . . 1 . . . . . . . . . . 1 . . 6 . . . . . . 1 Protector 1 | . . . . . . . . . . . 1 . . . . . . . . . . . . . . Researcher 3 | . . . . . . . . . . . . . . . . . . . . . . . 3 . . Sentry 27 | . . 6 2 1 1 1 2 5 . . . . . 4 1 . . 1 . . 2 . . . 1 Specialist 3 | . . . . . . . . . . . . . . . . . . . . . . . 3 . . Hunter 49 | . . . . 1 . . 4 2 . . . . . . 1 . . . . . 15 1 16 . 9 Programmer 43 | . . . . 3 . 4 4 . . . . . . 6 . . . . 2 . 10 . 6 . 8 Behemoth 2 | . . . . . . . . . . . . . . . . . . 1 . . 1 . . . . Compactor 6 | . . . . . . . . . . . . . . . . . . . . 6 . . . . . Cetus Guard 4 | . . . . . . . . . 4 . . . . . . . . . . . . . . . . Enhanced Grunt 1 | . . . . . . . . . . . 1 . . . . . . . . . . . . . . Lightning 2 | . . . . . . . . . . . 2 . . . . . . . . . . . . . . Thug 2 | . . . . . . . . . . . 2 . . . . . . . . . . . . . . Butcher 2 | . . . . . . . . 1 1 . . . . . . . . . . . . . . . . Best Kill Streak 13 | 1 8 4 13 6 5 6 5 4 3 . 4 . . 4 7 . 1 7 2 3 11 3 6 2 12 Combat Bots Only 10 | . 8 4 8 4 5 5 4 4 2 . 3 . . 4 7 . 1 7 2 3 8 2 6 1 10 Max Kills in Single Turn 7 | 1 2 2 3 1 2 4 2 4 2 . 3 . . 1 3 . 1 3 1 1 7 2 4 1 3 Gunslinging 2 | . 1 1 . . . 2 1 . . . . . . . . . . . . . . . . . . Exploded 4 | . . . 2 1 2 2 2 4 . . 1 . . . 3 . . 3 . 1 4 2 3 . 1 Melee 2 | . . . . 1 1 . 1 . . . . . . 1 . . 1 . . . 1 . 1 1 2 Uniques/NPCs Destroyed . | . . . . . . . . . . . . . . . . . . . . . . . . . . Combat | -11 -10 -9 -8 -7 -7 -7 -6 -6 -6 -6 -6 -5 -5 -5 -5 -5 -5 -4 -4 -4 -4 -3 -3 -2 -1 -------- Run | Yrd Mat Mat Mat Fac Gar Fac Fac Ext Cet Arc Hub Fac Gar Fac Upp Upp War Pro Fac Was Fac Res Qua Res Acc Hostile Shots Fired 3938 | . 64 128 219 172 85 149 209 256 23 6 35 . . 267 22 . 2 102 36 . 896 28 467 18 754 Missed 1162 | . 13 21 49 43 21 41 56 94 8 2 5 . . 79 12 . . 29 12 . 238 11 169 10 249 Hits 2776 | . 51 107 170 129 64 108 153 162 15 4 30 . . 188 10 . 2 73 24 . 658 17 298 8 505 Melee 25 | . . 1 5 1 . . . . . . . . . 3 . . 2 8 . . . . . . 5 Projectile 2751 | . 51 106 165 128 64 108 153 162 15 4 30 . . 185 10 . . 65 24 . 658 17 298 8 500 AOE 2 | . . . . . . . . . . . . . . 2 . . . . . . . . . . . Critical Strikes 129 | . . 1 6 2 6 6 2 8 4 . 2 . . 13 1 . . 4 . . 29 . 10 1 34 Part Disruptions 12 | . . . . . . 4 . . . . . . . 1 . . . . . . 1 . 1 . 5 Damage Taken 49186 | . 567 1253 2540 1922 956 1514 2280 2523 438 89 1138 . . 3942 202 . 54 1147 361 67 11351 523 5159 259 10901 Core 4925 | . 150 157 293 186 94 84 33 321 . . 85 . . 252 17 . 18 98 61 . 1055 25 352 44 1600 Absorbed by Shields 1415 | . . . . . . . . . . . . . . . . . . 201 134 . 696 . . . 384 Reduced by Siege Mode 89 | . . . . . . . . . . . . . . . . . . . . . 89 . . . . Redirected to Shielding 43 | . . . . . . . . . . . . . . . . . . . . . . . . . 43 Ignored by Resistances 74 | . . . . . . . 10 64 . . . . . . . . . . . . . . . . . Regen/Repaired (Parts) 1548 | . . . 39 . . 375 . . . . . . . . . . 257 . . . . . 465 368 44 Core Remaining (%) 57 | 100 40 60 46 . . 48 . . . . 48 . . . . . . 61 . . 2 . 71 96 . Volleys Fired 834 | 5 54 77 45 44 32 46 59 56 10 1 9 . 1 76 18 . 3 53 14 25 134 15 21 3 33 Largest 5 | 2 2 3 4 3 3 4 4 4 4 4 4 . 3 3 2 . 2 3 3 1 4 1 1 1 5 Hottest 276 | 60 100 69 99 102 140 224 227 227 167 151 231 . 177 179 109 . 92 92 169 60 276 46 80 80 248 Shots Fired 1919 | 10 98 195 110 86 67 141 184 179 25 5 28 . 3 166 22 2 5 102 24 26 356 15 22 3 45 Gun 1255 | 10 89 195 90 19 32 136 183 122 3 2 25 . 3 95 3 1 . . 5 3 222 . . . 17 Cannon 456 | . . . . 60 25 . . 55 14 3 . . . 71 7 1 4 71 19 . 116 . . . 10 Launcher 173 | . . . 20 7 10 5 1 2 8 . 3 . . . 12 . . 11 . 23 13 15 22 3 18 Special 35 | . 9 . . . . . . . . . . . . . . . 1 20 . . 5 . . . . Kinetic 1309 | 5 54 195 90 79 46 95 98 142 17 5 12 . 1 143 7 1 4 71 19 . 205 . . . 20 Thermal 330 | 5 44 . . . 11 41 85 35 . . 13 . 2 20 . . . . . . 74 . . . . Explosive 93 | . . . 20 7 10 . . . . . 3 . . . 11 . . 11 . 23 8 . . . . Electromagnetic 92 | . . . . . . 5 1 2 8 . . . . 3 4 1 . . . . 3 15 22 3 25 Entropic 69 | . . . . . . . . . . . . . . . . . . . 5 3 61 . . . . Robot Hit Streak 20 | 3 11 17 12 6 11 20 11 16 7 1 4 . 2 9 4 . 6 5 2 7 18 2 4 . 4 Robot Miss Streak 11 | 1 3 5 4 6 5 8 8 5 6 3 3 . . 6 3 . 8 8 11 3 11 3 2 . 5 Penetration Max 1 | . . . . . . . . 1 1 . . . . 1 . . . . . . 1 . . . . Secondary Targets 19 | . 2 2 2 . . 3 6 1 . . 1 . . 1 . . . . . . 1 . . . . Max Gunslinging Chain 2 | . 1 1 1 . . 2 2 1 . . 1 . . 1 . . . . . . 1 . . . . Shots Hit Robots 1416 | 6 71 130 75 60 62 91 142 117 9 2 15 . 1 129 8 . 2 61 14 7 233 14 52 14 101 Core Hits 1108 | 1 26 51 65 47 56 100 98 72 19 1 31 . 1 101 28 . 4 50 6 12 137 15 91 11 85 Critical Kills 8 | . . . . 1 . . 1 2 . . . . . . . . 1 1 . . 2 . . . . Critical Parts Destroyed 32 | . . 2 1 . . . 3 1 3 2 . . . 3 . . . 6 . . 9 . . . 2 Critical Strikes 90 | . . 2 1 6 2 . 7 8 4 2 . . . 12 . . 1 9 . . 17 . 5 1 13 Burn 6 | . . . . . . . 3 1 . . . . . 1 . . . . . . 1 . . . . Destroy 29 | . . 2 . . . . 1 3 3 2 . . . 1 . . 1 9 . . 7 . . . . Blast 22 | . . . . 4 . . . 4 1 . . . . 8 . . . . . . 4 . . . 1 Smash 12 | . . . 1 1 . . 3 . . . . . . 2 . . . . . . 3 . . . 2 Sever 18 | . . . . 1 2 . . . . . . . . . . . . . . . . . 5 1 9 Impale 1 | . . . . . . . . . . . . . . . . . . . . . . . . . 1 Detonate 2 | . . . . . . . . . . . . . . . . . . . . . 2 . . . . Melee Attacks 539 | . 7 4 4 35 48 13 42 1 . . . 1 7 48 1 . . . 11 2 50 42 89 24 110 Kinetic 11 | . . . . . . . . . . . . . . . . . . . . . . . . 6 5 Impact 228 | . 7 4 4 22 . 11 42 1 . . . 1 7 48 1 . . . 11 2 50 7 . . 10 Slashing 231 | . . . . 13 48 2 . . . . . . . . . . . . . . . 15 69 18 66 Piercing 69 | . . . . . . . . . . . . . . . . . . . . . . 20 20 . 29 Sneak Attacks 44 | . 2 . 1 7 . 2 1 . . . . . . 2 . . . . . . 1 12 5 5 6 Combat Hostiles 1 | . . . . . . . . . . . . . . . . . . . . . . . . . 1 Follow-up Attacks 59 | . . . . . . . . . . . . . . . . . . . . . . 2 21 3 33 Damage Inflicted 63758 | 69 889 1819 3204 1935 2430 3309 3457 3301 1081 47 1303 . 20 5363 1720 . 75 2652 555 3806 11421 1593 5960 1761 5988 Guns 18125 | 69 750 1769 940 291 414 1930 2862 1959 43 16 416 . 20 1639 . . . . 112 186 4446 . . . 263 Cannons 10095 | . . . . 688 353 . . 1113 262 31 . . . 3230 129 . 75 1026 443 . 2615 . . . 130 Explosions 22131 | . . . 2152 282 638 1212 59 229 776 . 887 . . . 1591 . . 1626 . 3620 3430 516 3027 283 1803 Melee 13271 | . 112 28 112 668 1025 129 536 . . . . . . 466 . . . . . . 929 1077 2920 1478 3791 Ramming 112 | . 3 22 . 6 . 38 . . . . . . . 28 . . . . . . 1 . 13 . 1 Kinetic 20572 | 25 466 1769 940 979 641 967 1332 2417 305 47 155 . . 4524 129 . 75 1026 443 . 3750 . . 165 417 Thermal 7574 | 44 308 . . . 126 1550 1530 733 165 . 261 . 20 329 . . . . . . 1350 263 397 . 498 Explosive 11336 | . . . 2152 282 638 111 . . . . 554 . . . 1571 . . 1626 . 3620 782 . . . . Electromagnetic 6360 | . . . . . . 514 59 151 611 . 333 . . 16 20 . . . . . 84 253 2630 283 1406 Impact 3514 | . 112 28 112 297 . . 536 . . . . . . 466 . . . . . . 929 546 . . 488 Slashing 7816 | . . . . 371 1025 129 . . . . . . . . . . . . . . . 196 2632 1313 2150 Piercing 1651 | . . . . . . . . . . . . . . . . . . . . . . 335 288 . 1028 Entropic 4823 | . . . . . . . . . . . . . . . . . . . 112 186 4525 . . . . Highest Corruption 67 | . . . 20 6 6 9 4 4 29 29 41 . . 9 9 9 9 . 5 17 39 . 67 . 48 Average Corruption 11 | . . . 8 5 6 4 3 4 14 29 29 . . 5 9 9 9 . 4 13 22 . 8 . 31 Corruption Purged 6 | . . . . . . 6 . . . . . . . . . . . . . . . . . . . Corruption Blocked . | . . . . . . . . . . . . . . . . . . . . . . . . . . Effects 563 | . . . 16 19 36 39 11 43 18 16 13 . . 52 35 10 2 . 8 6 170 . 24 . 45 Message Errors 115 | . . . 2 3 8 9 3 11 3 5 3 . . 9 4 2 . . 3 1 37 . 3 . 9 Matter Fused 115 | . . . 4 5 10 10 . 7 2 2 5 . . 13 6 2 1 . . 2 38 . 4 . 4 Heat Flow Errors 72 | . . . 4 2 4 6 2 2 4 2 1 . . 7 6 . . . 2 1 18 . 5 . 6 Energy Discharges 64 | . . . 2 1 . 3 4 7 1 2 1 . . 7 9 2 . . . 1 17 . 4 . 3 Parts Rejected 15 | . . . 1 1 1 1 . 1 . . 1 . . 2 . . . . . . 6 . . . 1 Parts Fused 5 | . . . . . . . . . 1 . . . . 1 . . . . . . 2 . . . 1 Data Loss (minor) 64 | . . . 1 5 5 4 1 7 1 1 1 . . 5 6 2 1 . 2 . 14 . 5 . 3 Data Loss (major) 24 | . . . 1 1 3 1 . 2 1 1 . . . 4 . . . . 1 . 7 . 1 . 1 Misfires 29 | . . . . 1 3 2 1 3 4 1 . . . 3 . 2 . . . 1 7 . 1 . . Alerts 12 | . . . . . 2 . . 1 1 . . . . . 2 . . . . . 6 . . . . Misdirections 27 | . . . . . . . . . . 2 1 . . . . . . . . . 6 . 1 . 17 Weapon Failures 21 | . . . 1 . . 3 . 2 . . . . . 1 2 . . . . . 12 . . . . Overload Shots . | . . . . . . . . . . . . . . . . . . . . . . . . . . Overflow Damage 4047 | . 77 . 106 177 19 287 192 11 13 . . . . 657 143 . . 312 51 . 582 513 366 101 440 Projectiles 616 | . . . . 32 . . . . . . . . . 424 . . . 24 51 . 85 . . . . Explosions 1114 | . . . 84 13 19 223 . 11 13 . . . . . 143 . . 288 . . 242 60 3 . 15 Melee 2317 | . 77 . 22 132 . 64 192 . . . . . . 233 . . . . . . 255 453 363 101 425 Knockbacks 111 | . 1 . 1 11 2 1 2 2 1 . . . . 23 1 . . 30 7 . 23 2 . . 4 Impact 17 | . 1 . 1 2 . 1 2 . . . . . . 4 . . . . . . 2 2 . . 2 Kinetic 89 | . . . . 8 2 . . 2 1 . . . . 18 1 . . 28 7 . 20 . . . 2 Secondary 5 | . . . . 1 . . . . . . . . . 1 . . . 2 . . 1 . . . . Self-Inflicted Damage 801 | . . . 80 72 23 57 . 2 . . 116 . . . . . . . . 68 112 104 82 48 37 Shots 39 | . . . 5 3 1 2 . 1 . . 2 . . . . . . . . 2 2 4 9 4 4 Rammed 15 | . . 3 . 1 . 1 . . . . . . . 6 . . . . . . 2 . 1 . 1 Targets Rammed 17 | . 1 3 . 1 . 2 . . . . . . . 6 . . . . . . 2 . 1 . 1 Kicked 1 | . 1 . . . . . . . . . . . . . . . . . . . . . . . . Crushed 1 | . . . . . . 1 . . . . . . . . . . . . . . . . . . . Highest Temperature 449 | . 111 93 262 252 244 337 284 324 254 259 229 . 18 230 209 5 . 48 219 250 449 204 163 150 302 Average Temperature 69 | . 65 27 86 117 68 73 82 61 94 99 96 . 12 59 69 5 . 11 51 82 85 43 59 75 121 Received Heat Transfer 7530 | . 207 366 1215 246 444 513 351 1107 18 9 36 . . 1308 9 . . 48 . . 795 . 354 63 441 Effects 12 | . . . . . . . 1 1 . . . . . 1 . . . . . . 9 . . . . Shutdowns 2 | . . . . . . . . . . . . . . . . . . . . . 2 . . . . Energy Bleed 4 | . . . . . . . . 1 . . . . . 1 . . . . . . 2 . . . . Interference 6 | . . . . . . . 1 . . . . . . . . . . . . . 5 . . . . Siege Activations 6 | . . . . . . . . . . . . . . . . . . . . . 6 . . . . Total Turns 87 | . . . . . . . . . . . . . . . . . . . . . 87 . . . . Longest Duration 25 | . . . . . . . . . . . . . . . . . . . . . 25 . . . . Martial Activations . | . . . . . . . . . . . . . . . . . . . . . . . . . . Shielding Activations . | . . . . . . . . . . . . . . . . . . . . . . . . . . Robots Disrupted 3 | . . . . . . . . . . . . . . . . . . . . . . 1 1 . 1 Combat Hostiles 3 | . . . . . . . . . . . . . . . . . . . . . . 1 1 . 1 Robots Corrupted 33 | . 2 . 1 . . 1 2 . 3 . . . . 3 . . . . . . 2 3 13 . 3 Combat Hostiles 23 | . . . 1 . . . 1 . 3 . . . . 1 . . . . . . 2 . 12 . 3 Parts Fried 76 | . 2 . 2 2 . 3 7 . 1 . 1 . . 2 . . . . . . 4 10 34 . 8 Impact Corruptions 53 | . 2 . 1 3 . 1 5 . . . . . . 10 . . . . . . 10 11 . . 10 Robots Melted 1 | . . . . . . . 1 . . . . . . . . . . . . . . . . . . Combat Hostiles 1 | . . . . . . . 1 . . . . . . . . . . . . . . . . . . Parts Melted 21 | . . . . . . 4 12 1 . . 1 . . . . . . . . . 2 1 . . . Heat Transferred 12141 | 100 700 . . . 222 2500 3396 1240 150 . 561 . 37 555 . . . . . . 1780 150 350 . 400 Parts Sabotaged 6 | . . . . . . . . . . . . . . . . . 6 . . . . . . . . Parts Stolen . | . . . . . . . . . . . . . . . . . . . . . . . . . . Parts Stripped 15 | . . . . . . . . . . . . . . . . . . . . . . . . . 15 Power Chain Reactions 14 | . . . . . . 1 . 1 1 . . . . . . . . . . . . 4 4 . 3 Alert | -11 -10 -9 -8 -7 -7 -7 -6 -6 -6 -6 -6 -5 -5 -5 -5 -5 -5 -4 -4 -4 -4 -3 -3 -2 -1 ------- Run | Yrd Mat Mat Mat Fac Gar Fac Fac Ext Cet Arc Hub Fac Gar Fac Upp Upp War Pro Fac Was Fac Res Qua Res Acc Maximum Alert Level 3 | . . . 1 1 3 3 2 2 2 1 2 1 2 1 . . . . 3 1 3 2 2 1 3 Low Security (%) 35 | 100 100 100 55 97 16 . . 3 . 22 17 31 4 56 . . . . . 13 8 9 38 82 21 Level 1 29 | . . . 44 2 30 30 20 77 11 77 56 68 64 43 . . . . . 86 6 66 52 17 25 Level 2 24 | . . . . . 34 40 79 19 88 . 25 . 31 . . . . . 35 . 39 24 8 . 46 Level 3 10 | . . . . . 18 29 . . . . . . . . . . . . 64 . 45 . . . 6 Level 4 . | . . . . . . . . . . . . . . . . . . . . . . . . . . Level 5 . | . . . . . . . . . . . . . . . . . . . . . . . . . . High Security . | . . . . . . . . . . . . . . . . . . . . . . . . . . Max Security . | . . . . . . . . . . . . . . . . . . . . . . . . . . Peak Influence 1049 | 5 174 138 318 207 965 1048 615 691 519 301 473 217 513 370 . . . . 1009 270 1049 549 477 279 888 Initial 1009 | . 3 41 42 129 93 506 494 296 368 182 63 217 147 268 . . . . 1009 182 168 549 177 261 . Average 345 | . 47 58 176 88 459 577 476 322 445 234 332 207 367 206 . . . . 759 235 695 326 244 92 427 Influence Increases 15991 | 5 379 678 672 458 962 1109 782 1183 393 209 631 44 366 949 280 . 40 625 1039 138 2066 291 930 123 1639 Destroy 0b10 Robot/C 7480 | . 260 440 380 280 440 500 540 560 160 80 200 . . 480 260 . 40 480 40 . 1000 100 640 20 580 Destroy 0b10 Robot/NC 525 | 5 20 40 60 25 15 80 25 30 10 . 15 . . 20 . . . 5 . . 30 50 45 25 25 Destroy Leader 1358 | . 54 118 80 70 30 122 116 52 . . 52 . . 122 20 . . 50 10 . 214 26 82 6 134 Allied During Kill 852 | . . . . . . . . 391 170 80 211 . . . . . . . . . . . . . . Successful Hack 484 | . 8 17 20 . 28 27 32 59 22 . . 42 . 56 . . . . 19 . 86 . 50 18 . Disable Machine 885 | . . 15 75 45 30 270 30 45 15 45 30 . . 30 . . . . 30 . 135 15 75 . . Anti-Garrison Action 800 | . . . . . 300 . . . . . . . 350 . . . . . . . . . . . 150 Destroy Structure 1492 | . 7 3 57 38 104 50 39 31 16 4 123 2 16 136 . . . . 40 138 526 100 38 9 15 Advance Influence 900 | . . . . . . . . . . . . . . . . . . . 900 . . . . . . Partial Spotted 15 | . . . . . . . . . . . . . . . . . . . . . . . . . 15 Lose Combat Pursuer 1200 | . 30 45 . . 15 60 . 15 . . . . . 105 . . . 90 . . 75 . . 45 720 Influence Decreases 15109 | . 285 674 489 610 131 1064 1186 1131 596 483 368 277 64 1197 429 116 32 459 693 418 1258 1023 781 588 757 Entered New Map 4268 | . 2 58 61 157 41 459 516 310 290 273 118 227 64 245 99 23 . 8 65 338 72 499 139 204 . Time Decay 8191 | . 273 576 278 383 . 595 650 571 206 140 120 50 . 662 330 93 32 391 318 80 716 514 522 364 327 Search Patrol Dispatched 300 | . . . . . . . . . . . . . . . . . . . 300 . . . . . . Lost Part 1680 | . 10 40 150 70 70 10 10 150 20 10 10 . . 90 . . . 20 . . 460 10 120 . 430 Lost Ally 520 | . . . . . 20 . 10 100 80 60 120 . . 50 . . . 40 10 . 10 . . 20 . Purge Threat 150 | . . . . . . . . . . . . . . 150 . . . . . . . . . . . Squads Dispatched 92 | . 1 3 3 5 . 11 7 1 . . 2 . . 13 . . . . 5 . 15 5 9 1 11 Investigation 14 | . . 1 1 1 . 1 3 . . . . . . . . . . . 2 . 3 1 1 . . Extermination 28 | . . . . 2 . 4 4 . . . . . . 5 . . . . 2 . 6 . 3 . 2 Reinforcement 36 | . 1 2 2 1 . 5 . 1 . . 2 . . 5 . . . . 1 . 4 4 5 1 2 Assault 8 | . . . . . . 1 . . . . . . . . . . . . . . 2 . . . 5 Garrison 6 | . . . . 1 . . . . . . . . . 3 . . . . . . . . . . 2 Intercept . | . . . . . . . . . . . . . . . . . . . . . . . . . . Searches Triggered 2 | . . . . . . . . . . . . . . . . . . . 2 . . . . . . Construction Impeded 9 | . . . . 1 . 2 . 1 . . . . . 1 . . . . . . 2 . 1 . 1 Haulers Reinforced 3 | . . . . . . . . . . . 1 . . 1 . . . . . . . . . . 1 Active Scanning Responses . | . . . . . . . . . . . . . . . . . . . . . . . . . . Cargo Convoy Interrupts . | . . . . . . . . . . . . . . . . . . . . . . . . . . Stealth | -11 -10 -9 -8 -7 -7 -7 -6 -6 -6 -6 -6 -5 -5 -5 -5 -5 -5 -4 -4 -4 -4 -3 -3 -2 -1 --------- Run | Yrd Mat Mat Mat Fac Gar Fac Fac Ext Cet Arc Hub Fac Gar Fac Upp Upp War Pro Fac Was Fac Res Qua Res Acc Distress Signals 46 | . 2 7 1 1 . 3 1 1 2 2 . . . 3 . . 2 2 1 . 1 4 4 3 6 Communications Jammed . | . . . . . . . . . . . . . . . . . . . . . . . . . . Distress Signals . | . . . . . . . . . . . . . . . . . . . . . . . . . . Times Spotted 619 | . 25 44 28 21 23 40 37 29 9 5 14 . . 40 2 . 15 35 7 5 70 17 41 24 88 Peak Tracking Total 19 | . 6 4 9 5 4 5 5 4 5 2 5 . . 7 4 . 12 9 3 3 10 5 7 6 19 Tactical Retreats 40 | . 1 3 . . 1 3 . 1 . . . . . 5 . . . 2 . . 5 . . 2 17 Traps | -11 -10 -9 -8 -7 -7 -7 -6 -6 -6 -6 -6 -5 -5 -5 -5 -5 -5 -4 -4 -4 -4 -3 -3 -2 -1 ------- Run | Yrd Mat Mat Mat Fac Gar Fac Fac Ext Cet Arc Hub Fac Gar Fac Upp Upp War Pro Fac Was Fac Res Qua Res Acc Traps Triggered 15 | . 1 1 . 1 . 2 6 . . . . . 1 1 . . . . 1 . . 1 . . . Indirectly 1 | . . . . . . . . . . . . . . . . . . . . . . 1 . . . Trap Hack Attempts . | . . . . . . . . . . . . . . . . . . . . . . . . . . Triggered . | . . . . . . . . . . . . . . . . . . . . . . . . . . Disarmed . | . . . . . . . . . . . . . . . . . . . . . . . . . . Reprogrammed . | . . . . . . . . . . . . . . . . . . . . . . . . . . Reused . | . . . . . . . . . . . . . . . . . . . . . . . . . . Traps Extracted . | . . . . . . . . . . . . . . . . . . . . . . . . . . Installed . | . . . . . . . . . . . . . . . . . . . . . . . . . . Triggered . | . . . . . . . . . . . . . . . . . . . . . . . . . . Machines | -11 -10 -9 -8 -7 -7 -7 -6 -6 -6 -6 -6 -5 -5 -5 -5 -5 -5 -4 -4 -4 -4 -3 -3 -2 -1 ---------- Run | Yrd Mat Mat Mat Fac Gar Fac Fac Ext Cet Arc Hub Fac Gar Fac Upp Upp War Pro Fac Was Fac Res Qua Res Acc Machines Disabled 69 | . . 1 5 3 6 18 2 5 1 3 2 . 2 2 1 . . . 2 . 9 1 5 . 1 Max in Single Turn 5 | . . 1 1 1 1 5 1 2 1 1 2 . 1 1 1 . . . 1 . 3 1 1 . 1 Garrison Access 4 | . . . . . . . 1 . . . . . . . . . . . . . . . . 2 1 Garrison Relay 6 | . . . . . 4 . . . . . . . 2 . . . . . . . . . . . . Network Hub 1 | . . . . . . . . . . . 1 . . . . . . . . . . . . . . Machines Repaired . | . . . . . . . . . . . . . . . . . . . . . . . . . . Machines Dismantled 1 | . . . . . 1 . . . . . . . . . . . . . . . . . . . . Machines Sabotaged . | . . . . . . . . . . . . . . . . . . . . . . . . . . Overloaded Fab Kills . | . . . . . . . . . . . . . . . . . . . . . . . . . . Hacking | -11 -10 -9 -8 -7 -7 -7 -6 -6 -6 -6 -6 -5 -5 -5 -5 -5 -5 -4 -4 -4 -4 -3 -3 -2 -1 --------- Run | Yrd Mat Mat Mat Fac Gar Fac Fac Ext Cet Arc Hub Fac Gar Fac Upp Upp War Pro Fac Was Fac Res Qua Res Acc Machines Accessed 107 | . 5 9 6 7 3 4 11 14 3 1 . 2 2 9 . . 3 . 4 . 12 2 7 1 2 Terminals 73 | . 4 7 4 5 3 2 6 14 3 . . . 2 5 . . . . 4 . 5 1 6 1 1 Fabricators 10 | . . . . . . 1 2 . . . . . . 1 . . . . . . 4 1 . . 1 Repair Stations 5 | . . . 1 . . 1 . . . . . . . 1 . . . . . . 1 . 1 . . Recycling Units 5 | . 1 1 1 . . . 1 . . . . . . 1 . . . . . . . . . . . Scanalyzers 6 | . . 1 . . . . 1 . . . . 1 . 1 . . . . . . 2 . . . . Garrison Access 4 | . . . . 2 . . 1 . . . . 1 . . . . . . . . . . . . . Total Hacks 290 | . 13 20 22 9 7 10 21 28 8 18 . 10 5 32 . . 4 . 14 . 39 11 12 5 2 Successful 138 | . 3 9 9 4 2 7 11 13 3 18 . 4 1 12 . . 4 . 8 . 14 7 7 2 . Failed 152 | . 10 11 13 5 5 3 10 15 5 . . 6 4 20 . . . . 6 . 25 4 5 3 2 Catastrophic 39 | . 2 3 . 3 1 . 4 3 1 . . . 1 6 . . . . 2 . 7 2 2 . 2 Database Lockouts . | . . . . . . . . . . . . . . . . . . . . . . . . . . Manual 91 | . 10 11 10 3 1 2 10 5 3 1 . . . 10 1 . . . 5 . 7 4 3 4 1 Terminals 184 | . 11 17 16 7 7 5 11 28 8 . . . 5 20 . . . . 14 . 14 7 8 5 1 Fabricators 25 | . . . . . . 2 3 . . . . . . 3 . . . . . . 12 4 . . 1 Repair Stations 19 | . . . 4 . . 3 . . . . . . . 3 . . . . . . 5 . 4 . . Recycling Units 11 | . 2 1 2 . . . 3 . . . . . . 3 . . . . . . . . . . . Scanalyzers 24 | . . 2 . . . . 3 . . . . 8 . 3 . . . . . . 8 . . . . Garrison Access 5 | . . . . 2 . . 1 . . . . 2 . . . . . . . . . . . . . Terminal Hacks 80 | . 2 5 3 3 1 2 . 11 3 18 . . 1 7 . . 4 . 7 . 2 4 5 2 . Record 31 | . . . . . . 1 . 1 2 18 . . . 2 . . 2 . 1 . . . 2 2 . Part Schematic 1 | . . . . . . . . . . . . . . . . . . . . . . 1 . . . Robot Analysis 2 | . . 1 1 . . . . . . . . . . . . . . . . . . . . . . Open Door 11 | . . . . . . . . 7 1 . . . . . . . 2 . . . . . 1 . . Open DSF 2 | . . . . 1 . . . . . . . . . . . . . . 1 . . . . . . Level Access Points 1 | . . . . . . . . . . . . . . . . . . . . . . . 1 . . Branch Access Points 4 | . . 1 . . . . . . . . . . . 1 . . . . 1 . . 1 . . . Terminal Index 2 | . . 1 . . . . . . . . . . . . . . . . 1 . . . . . . Repair Station Index 1 | . . . . . . . . . . . . . . . . . . . 1 . . . . . . Alert Level 2 | . . . . . . . . . . . . . . 1 . . . . . . . 1 . . . Unreport Threat 1 | . . . . . . . . . . . . . . 1 . . . . . . . . . . . Locate Traps 11 | . . 1 1 1 . 1 . 2 . . . . . 1 . . . . 1 . 2 . 1 . . Recall Assault 1 | . . . . . . . . . . . . . . . . . . . 1 . . . . . . Hauler Manifests 3 | . 1 . 1 . . . . . . . . . . . . . . . . . . 1 . . . Registered Components 5 | . 1 1 . 1 . . . 1 . . . . . 1 . . . . . . . . . . . Garrison Registry 2 | . . . . . 1 . . . . . . . 1 . . . . . . . . . . . . Fabricator Hacks 14 | . . . . . . 1 3 . . . . . . 1 . . . . . . 7 2 . . . Network Status 3 | . . . . . . 1 1 . . . . . . . . . . . . . . 1 . . . Load Schematic 6 | . . . . . . . 1 . . . . . . 1 . . . . . . 3 1 . . . Build 5 | . . . . . . . 1 . . . . . . . . . . . . . 4 . . . . Repair Station Hacks 8 | . . . 2 . . 2 . . . . . . . 1 . . . . . . 1 . 2 . . Scan Component 6 | . . . 1 . . 1 . . . . . . . 1 . . . . . . 1 . 2 . . Repair 2 | . . . 1 . . 1 . . . . . . . . . . . . . . . . . . . Recycling Unit Hacks 1 | . . . . . . . 1 . . . . . . . . . . . . . . . . . . Report Inventory 1 | . . . . . . . 1 . . . . . . . . . . . . . . . . . . Scanalyzer 12 | . . 2 . . . . 2 . . . . 3 . 2 . . . . . . 3 . . . . Insert Component 7 | . . 1 . . . . 1 . . . . 2 . 1 . . . . . . 2 . . . . Analyze 5 | . . 1 . . . . 1 . . . . 1 . 1 . . . . . . 1 . . . . Garrison Access Hacks 3 | . . . . 1 . . 1 . . . . 1 . . . . . . . . . . . . . Unlock Access 2 | . . . . 1 . . . . . . . 1 . . . . . . . . . . . . . Seal Access 1 | . . . . . . . 1 . . . . . . . . . . . . . . . . . . Unauthorized Hacks 20 | . 1 2 4 . 1 2 4 2 . . . . . 1 . . . . 1 . 1 1 . . . Terminals 16 | . . 1 3 . 1 2 3 2 . . . . . 1 . . . . 1 . 1 1 . . . Botnet 16 | . . 1 3 . 1 2 3 2 . . . . . 1 . . . . 1 . 1 1 . . . Fabricators . | . . . . . . . . . . . . . . . . . . . . . . . . . . Repair Stations . | . . . . . . . . . . . . . . . . . . . . . . . . . . Recycling Units 4 | . 1 1 1 . . . 1 . . . . . . . . . . . . . . . . . . Reject 4 | . 1 1 1 . . . 1 . . . . . . . . . . . . . . . . . . Scanalyzers . | . . . . . . . . . . . . . . . . . . . . . . . . . . Garrison Access . | . . . . . . . . . . . . . . . . . . . . . . . . . . Data Cores Recovered . | . . . . . . . . . . . . . . . . . . . . . . . . . . Used . | . . . . . . . . . . . . . . . . . . . . . . . . . . Hacking Detections 85 | . 5 8 5 5 2 3 10 9 2 . . 1 1 9 . . . . 3 . 12 2 5 1 2 Full Trace Events 11 | . . . 1 . . . 2 . . . . . 1 . . . . . 2 . 3 1 1 . . Feedback Events . | . . . . . . . . . . . . . . . . . . . . . . . . . . Feedback Blocked . | . . . . . . . . . . . . . . . . . . . . . . . . . . Robot Schematics Acquired 2 | . . . . . . . . . . . . . . . . . . . . . . . 2 . . Robots Built . | . . . . . . . . . . . . . . . . . . . . . . . . . . Authchips . | . . . . . . . . . . . . . . . . . . . . . . . . . . Time . | . . . . . . . . . . . . . . . . . . . . . . . . . . Total Robot Build Rating . | . . . . . . . . . . . . . . . . . . . . . . . . . . Part Schematics Acquired 14 | . . 1 . . . . 1 . . . . 1 . 1 . . . . . . . 1 9 . . Parts Built 7 | . . . . . . . 2 . . . . . . . . . . . . . 5 . . . . Authchips . | . . . . . . . . . . . . . . . . . . . . . . . . . . Time 508 | . . . . . . . 42 . . . . . . . . . . . . . 466 . . . . Total Part Build Rating 46 | . . . . . . . 8 . . . . . . . . . . . . . 38 . . . . Parts Repaired 2 | . . . 1 . . 1 . . . . . . . . . . . . . . . . . . . Time 60 | . . . 32 . . 28 . . . . . . . . . . . . . . . . . . . Parts Recycled . | . . . . . . . . . . . . . . . . . . . . . . . . . . Recycled Matter . | . . . . . . . . . . . . . . . . . . . . . . . . . . Retrieved Matter . | . . . . . . . . . . . . . . . . . . . . . . . . . . Retrieved Components . | . . . . . . . . . . . . . . . . . . . . . . . . . . Parts Scanalyzed 6 | . . 1 . . . . 1 . . . . 2 . 1 . . . . . . 1 . . . . Part Schematics Acquired 4 | . . 1 . . . . 1 . . . . 1 . 1 . . . . . . . . . . . Parts Damaged . | . . . . . . . . . . . . . . . . . . . . . . . . . . Bothacking | -11 -10 -9 -8 -7 -7 -7 -6 -6 -6 -6 -6 -5 -5 -5 -5 -5 -5 -4 -4 -4 -4 -3 -3 -2 -1 ------------ Run | Yrd Mat Mat Mat Fac Gar Fac Fac Ext Cet Arc Hub Fac Gar Fac Upp Upp War Pro Fac Was Fac Res Qua Res Acc Used RIF Installer . | . . . . . . . . . . . . . . . . . . . . . . . . . . Robots Hacked . | . . . . . . . . . . . . . . . . . . . . . . . . . . Non-combat . | . . . . . . . . . . . . . . . . . . . . . . . . . . Combat . | . . . . . . . . . . . . . . . . . . . . . . . . . . Robot Hacks Applied . | . . . . . . . . . . . . . . . . . . . . . . . . . . Relay Couplers Released 27 | . . . . . 17 . . . . . . . 9 . . . . . . . . . . . 1 Machine Destruction 27 | . . . . . 17 . . . . . . . 9 . . . . . . . . . . . 1 Fabnet Peak Effective % . | . . . . . . . . . . . . . . . . . . . . . . . . . . Robots Rewired 16 | . . . . . . . . 11 . . . . 2 . . . . 2 . . . . . 1 . Allies Hacked . | . . . . . . . . . . . . . . . . . . . . . . . . . . Hacks Repelled . | . . . . . . . . . . . . . . . . . . . . . . . . . . Allies | -11 -10 -9 -8 -7 -7 -7 -6 -6 -6 -6 -6 -5 -5 -5 -5 -5 -5 -4 -4 -4 -4 -3 -3 -2 -1 -------- Run | Yrd Mat Mat Mat Fac Gar Fac Fac Ext Cet Arc Hub Fac Gar Fac Upp Upp War Pro Fac Was Fac Res Qua Res Acc Total Allies 31 | . . . . . 1 . . 20 5 . . . 2 . . . . 2 . . . . . 1 . Largest Group 15 | . . . . . 1 . . 15 15 15 9 . 2 2 . . . 2 . . . . . 1 . Highest-Rated Group 826 | . . . . . 31 . . 565 826 807 534 . 59 59 . . . 94 . . . . . 53 . Highest-Rated Ally 159 | . . . . . 31 . . 159 159 144 96 . 30 30 . . . 47 . . . . . 53 . Initial Warlord ECA Mod 160 | . . . . . . 8 7 7 7 7 7 6 6 10 10 10 10 9 9 9 9 8 8 7 6 Total Orders 10 | . . . . . . . 2 . . . 2 . . 2 . . . . 2 . 2 . . . . STAY 1 | . . . . . . . . . . . 1 . . . . . . . . . . . . . . FOLLOW 1 | . . . . . . . . . . . 1 . . . . . . . . . . . . . . EXPLORE 7 | . . . . . . . 1 . . . . . . 2 . . . . 2 . 2 . . . . RETURN 1 | . . . . . . . 1 . . . . . . . . . . . . . . . . . . Ally Attacks 263 | . . . . . 5 . . 106 32 30 71 . . 5 . . . 14 . . . . . . . Total Damage 6074 | . . . . . 66 . . 1951 780 848 2054 . . 57 . . . 318 . . . . . . . Kills 31 | . . . . . . . . 11 4 6 9 . . . . . . 1 . . . . . . . Allies Corrupted 4 | . . . . . . . . . . . 3 . . . . . . . 1 . . . . . . Allies Melted 4 | . . . . . . 1 . . . . . . . 1 . . 1 . . . . . . 1 . Intel | -11 -10 -9 -8 -7 -7 -7 -6 -6 -6 -6 -6 -5 -5 -5 -5 -5 -5 -4 -4 -4 -4 -3 -3 -2 -1 ------- Run | Yrd Mat Mat Mat Fac Gar Fac Fac Ext Cet Arc Hub Fac Gar Fac Upp Upp War Pro Fac Was Fac Res Qua Res Acc Active Infowar (turns) 14038 | 5 152 . . 844 . . 1465 179 . . . . . 1715 1002 342 1350 766 669 175 2396 1407 1388 . 183 Optics 183 | . . . . . . . . . . . . . . . . . . . . . . . . . 183 Sensors 12083 | . . . . . . . 1465 179 . . . . . 1715 1002 342 1350 766 669 175 2277 755 1388 . . IFF 771 | . . . . . . . . . . . . . . . . . . . . . 119 652 . . . Terrain 157 | 5 152 . . . . . . . . . . . . . . . . . . . . . . . . Structural 2508 | . . . . 844 . . . . . . . . . . . . . . . . . 603 1061 . . Robot Analysis Total 2 | . . 1 1 . . . . . . . . . . . . . . . . . . . . . . Derelict Logs Recovered 5 | . . . . . . . . . . . . . . . 2 . . 3 . . . . . . . Drone Launches 8 | . . . . . . . 2 . . . . . . 2 . . . . 2 . 2 . . . . Drone Recoveries 4 | . . . . . . . 1 . . . . . . 1 . . . . 1 . 1 . . . . Exploration | -11 -10 -9 -8 -7 -7 -7 -6 -6 -6 -6 -6 -5 -5 -5 -5 -5 -5 -4 -4 -4 -4 -3 -3 -2 -1 ------------- Run | Yrd Mat Mat Mat Fac Gar Fac Fac Ext Cet Arc Hub Fac Gar Fac Upp Upp War Pro Fac Was Fac Res Qua Res Acc Turns Passed 30138 | 77 1312 2606 618 1047 1218 1884 2381 1722 433 294 258 116 933 2516 1002 343 1350 1041 701 175 3311 1407 1445 1125 823 Spaces Moved 15098 | 46 610 1051 264 569 567 900 1174 872 215 174 134 64 546 1091 522 206 760 497 310 67 1476 673 743 899 668 Core 320 | 18 . . . . . . . . . . . . . . . . . . . . 132 49 . . 121 Treads 12107 | . . 1001 103 79 567 900 1174 872 215 174 134 64 546 1091 522 206 760 497 310 67 1331 614 710 . 170 Legs 2285 | 28 610 50 161 490 . . . . . . . . . . . . . . . . . . 33 899 14 Wheels 23 | . . . . . . . . . . . . . . . . . . . . . 13 10 . . . Hover . | . . . . . . . . . . . . . . . . . . . . . . . . . . Flight 363 | . . . . . . . . . . . . . . . . . . . . . . . . . 363 Fastest Speed 25 | 50 120 160 120 120 160 151 152 156 156 160 160 160 160 160 166 166 163 166 168 168 50 145 90 102 25 Average Speed 157 | 92 169 206 147 129 160 165 157 158 163 160 160 160 160 163 166 166 165 166 168 168 161 181 160 109 69 Slowest Speed 550 | 120 190 240 260 190 160 240 235 160 240 160 160 160 160 247 166 166 166 167 168 168 290 550 180 116 240 Overloaded Moves . | . . . . . . . . . . . . . . . . . . . . . . . . . . Propulsion Burnouts . | . . . . . . . . . . . . . . . . . . . . . . . . . . Robots Hopped 3 | . . . . . . . . . . . . . . . . . . . . . . . . . 3 Potential Cave-ins 6 | . . . . 2 . . . . . . . . . . . . . . . . 2 . 2 . . Cave-ins Triggered . | . . . . . . . . . . . . . . . . . . . . . . . . . . Exploration Rate (%) 46 | 3 74 74 25 17 60 26 35 83 77 95 14 2 71 33 72 37 69 75 13 80 42 19 68 30 16 Regions Visited 25 Branch Regions 9 Pre-discovered Areas 3 | . . . . . . . . . . . . . . . 2 . . 1 . . . . . . . Known Exits Taken 17 | . . . . 1 . 1 1 1 1 1 1 1 . 1 1 1 1 1 . . 1 1 1 1 . Unknown Exits Taken 4 | 1 1 1 1 . . . . . . . . . . . . . . . . . . . . . . Scrap Searched 7 | . . . . . . . . . . . . . . . 3 1 . 3 . . . . . . . Spaces Dug 191 | . 7 1 . 33 . 11 30 . . . 2 1 3 42 . . . . 10 2 31 13 1 3 1 Terrain Destroyed 1441 | . 7 1 61 70 34 52 38 26 19 2 190 1 3 69 97 1 . 151 21 165 358 50 17 3 5 Melee 148 | . 2 1 . 9 . 11 30 . . . . 1 3 39 . . . . 10 2 23 13 1 3 . Projectile 205 | . 5 . . 4 . . 8 20 4 2 4 . . 30 1 1 . 17 11 2 91 . . . 5 AOE 1088 | . . . 61 57 34 41 . 6 15 . 186 . . . 96 . . 134 . 161 244 37 16 . . Terrain Rammed . | . . . . . . . . . . . . . . . . . . . . . . . . . . Walls Destroyed . | . . . . . . . . . . . . . . . . . . . . . . . . . . Machines Disabled . | . . . . . . . . . . . . . . . . . . . . . . . . . . Actions | -11 -10 -9 -8 -7 -7 -7 -6 -6 -6 -6 -6 -5 -5 -5 -5 -5 -5 -4 -4 -4 -4 -3 -3 -2 -1 --------- Run | Yrd Mat Mat Mat Fac Gar Fac Fac Ext Cet Arc Hub Fac Gar Fac Upp Upp War Pro Fac Was Fac Res Qua Res Acc Total 19052 | 67 768 1342 392 737 730 1171 1481 1085 278 187 156 74 592 1551 632 207 841 600 442 98 2017 796 917 1011 880 Wait 1293 | . 58 114 22 32 24 133 120 34 30 5 2 4 5 232 55 . 51 29 75 . 161 11 29 40 27 Move 15069 | 45 609 1050 263 568 566 899 1173 871 214 173 133 64 545 1090 521 205 759 496 310 66 1475 672 742 898 662 Hop 3 | . . . . . . . . . . . . . . . . . . . . . . . . . 3 Pick Up 285 | 9 13 22 13 13 17 10 14 18 2 1 3 1 5 26 11 . 6 4 6 1 31 23 8 12 16 Fast Attach 191 | 6 1 4 9 6 8 15 6 6 3 2 1 . 2 8 2 1 7 1 . . 29 16 19 7 32 Attach 158 | 1 . 4 14 6 3 1 5 11 . . 2 1 . 12 6 . 1 4 6 1 45 1 11 1 22 Detach 32 | . . . 4 . 2 1 . . . . . . . 2 3 . . 1 2 . 11 . 3 1 2 Swap 322 | 1 13 27 13 17 11 25 44 16 10 2 3 3 2 27 5 . 5 3 13 2 43 11 12 12 2 Drop 310 | . 12 37 5 15 11 26 18 10 9 3 3 . 10 24 10 1 9 3 5 1 36 18 17 15 12 Fire 834 | 5 54 77 45 44 32 46 59 56 10 1 9 . 1 76 18 . 3 53 14 25 134 15 21 3 33 Melee 443 | . 7 4 4 35 48 13 42 1 . . . 1 7 48 1 . . . 11 2 50 29 54 18 68 Ram . | . . . . . . . . . . . . . . . . . . . . . . . . . . Kick 1 | . 1 . . . . . . . . . . . . . . . . . . . . . . . . Crush 16 | . . 3 . 1 . 2 . . . . . . . 6 . . . . . . 2 . 1 . 1 Escape Stasis . | . . . . . . . . . . . . . . . . . . . . . . . . . . Rewire 87 | . . . . . . . . 62 . . . . 15 . . . . 6 . . . . . 4 . Trap . | . . . . . . . . . . . . . . . . . . . . . . . . . . Miscellaneous 8 | . . . . . 8 . . . . . . . . . . . . . . . . . . . . Route ------- -11/Scrapyard -10/Materials (discovered 3 exits: *Mat / [*Min x2]) -9/Materials (discovered 4 exits: *Mat x3 / *Min) -8/Materials -7/Factory -7/Garrison (discovered 3 exits: *Fac x3) -7/Factory -6/Factory -6/Extension (discovered 2 exits: *Fac / *Cet) -6/Cetus (discovered 2 exits: *Fac / *Arc) -6/Archives (discovered 3 exits: *Fac / *Hub x2) -6/Hub_04(d) -5/Factory -5/Garrison (discovered 3 exits: *Fac x3) -5/Factory (discovered 4 exits: *Fac x2 / *Upp x2) -5/Upper Caves -5/Upper Caves -5/Warlord -4/Proximity Caves -4/Factory (discovered 4 exits: Res x2 / Upp x2) -4/Waste -4/Factory -3/Research (discovered 3 exits: Arm / *Qua x2) -3/Quarantine -2/Research -1/Access History --------- Turn | Location | Event 6 | -11/Scrapyard | Discovered new exit (range 15) 78 | -11/Scrapyard | Entered Materials 230 | -10/Materials | Discovered new exit (range 10) 314 | -10/Materials | Build established: Mutant 563 | -10/Materials | Discovered new exit (range 12) 1011 | -10/Materials | Core integrity fell below 50% 1050 | -10/Materials | Destroyed 8 combat bots 1104 | -10/Materials | Discovered new exit (range 15) 1331 | -10/Materials | Build established: Scavenger-Mutant 1390 | -10/Materials | Entered another Materials area 1390 | -9/Materials | Evolved 2 slots: Utility x1, Weapon x1 1584 | -9/Materials | Lost 3 parts (1p2n) 1913 | -9/Materials | Discovered new exit (range 15) 1927 | -9/Materials | Build established: Tank 2158 | -9/Materials | Discovered new exit (range 16) 2948 | -9/Materials | Discovered new exit (range 4) 2970 | -9/Materials | Identified exit to Mines 3406 | -9/Materials | Discovered new exit (range 16) 3996 | -9/Materials | Entered another Materials area 3996 | -8/Materials | Evolved 2 slots: Propulsion x1, Weapon x1 4240 | -8/Materials | Lost 12 parts (1p4n2u5w) 4241 | -8/Materials | Destroyed 8 combat bots 4395 | -8/Materials | Repaired Mni. Grenade Launcher 4520 | -8/Materials | Core integrity fell below 50% 4531 | -8/Materials | Lost 3 parts (1n2u) 4569 | -8/Materials | Discovered new exit (range 15) 4614 | -8/Materials | System corruption reached 10% 4614 | -8/Materials | Entered Factory 4614 | -7/Factory | Evolved 2 slots: Propulsion x1, Utility x1 4845 | -7/Factory | Identified exit to DSF 5120 | -7/Factory | Identified exit to Garrison 5642 | -7/Factory | Garrison activated, responded to threat 5661 | -7/Factory | Entered Garrison 5697 | -7/Garrison | Triggered checkpoint 5774 | -7/Garrison | Lost 3 parts (2u1w) 5862 | -7/Garrison | Garrison Relay disabled 5875 | -7/Garrison | Discovered new exit (range 72) 5875 | -7/Garrison | Discovered new exit (range 63) 5875 | -7/Garrison | Discovered new exit (range 34) 5999 | -7/Garrison | Rescued a captive Derelict 6104 | -7/Garrison | Triggered checkpoint 6159 | -7/Garrison | Build established: Scavenger-Gunner 6232 | -7/Garrison | Triggered checkpoint 6411 | -7/Garrison | Triggered checkpoint 6452 | -7/Garrison | Garrison Relay disabled 6487 | -7/Garrison | Garrison Relay disabled 6625 | -7/Garrison | Triggered checkpoint 6736 | -7/Garrison | Garrison Relay disabled 6871 | -7/Garrison | Build established: Scavenger-Tank 6879 | -7/Garrison | Entered Factory 7549 | -7/Factory | Build established: Tank 8059 | -7/Factory | Noticed a derelict Sapper rigging charges 8351 | -7/Factory | Repaired Lyr. Heavy Armor Plating 8450 | -7/Factory | Core integrity fell below 50% 8479 | -7/Factory | First assault squad dispatched 8731 | -7/Factory | Discovered new exit (range 15) 8762 | -7/Factory | Identified exit to Factory 8763 | -7/Factory | Entered another Factory area 8763 | -6/Factory | Evolved 2 slots: Utility x2 9053 | -6/Factory | Build established: Skirmisher 10347 | -6/Factory | Fabricated Med. Treads? 10450 | -6/Factory | Build established: Tank 10870 | -6/Factory | Allied Derelicts emerged from ambush trap array 11120 | -6/Factory | Discovered new exit (range 15) 11142 | -6/Factory | Identified exit to Extension 11144 | -6/Factory | Entered Extension 11150 | -6/Extension | Disrupted transfer network 11246 | -6/Extension | Rescued a captive Derelict 11420 | -6/Extension | Rescued a captive Derelict 11471 | -6/Extension | Rescued a captive Derelict 11473 | -6/Extension | Rescued a captive Derelict 11490 | -6/Extension | Rescued a captive Derelict 12115 | -6/Extension | Rescued a captive Derelict 12115 | -6/Extension | Spotted B-75 Beast 12130 | -6/Extension | Spotted B-75 Beast 12148 | -6/Extension | Allies destroyed B-75 Beast 12167 | -6/Extension | Allies destroyed B-75 Beast 12187 | -6/Extension | Lost 8 parts (3n2u3w) 12278 | -6/Extension | Rescued a captive Derelict 12279 | -6/Extension | Rescued a captive Derelict 12681 | -6/Extension | Build established: Scavenger-Tank 12709 | -6/Extension | Rescued A7 12798 | -6/Extension | Discovered new exit (range 10) 12800 | -6/Extension | Discovered new exit (range 6) 12820 | -6/Extension | Identified exit to Cetus 12846 | -6/Extension | Identified exit to Factory 12866 | -6/Extension | Entered Cetus 12866 | -6/Cetus | Accompanied by 15 allies (A7) 12871 | -6/Cetus | Acquired a Cetus Manufacturing Module code from A7 12887 | -6/Cetus | Spotted Cetus Guard 12888 | -6/Cetus | Spotted Cetus Guard 12891 | -6/Cetus | Spotted Cetus Guard 12891 | -6/Cetus | Spotted Cetus Guard 12895 | -6/Cetus | Allies destroyed Cetus Guard 12901 | -6/Cetus | Allies destroyed Cetus Guard 12904 | -6/Cetus | Destroyed Cetus Guard 12904 | -6/Cetus | Destroyed Cetus Guard 12934 | -6/Cetus | Lost 3 allies 12946 | -6/Cetus | System corruption reached 10% 13037 | -6/Cetus | Started Cetus Manufacturing Module 13062 | -6/Cetus | Manufactured an Enhanced Grunt 13087 | -6/Cetus | Manufactured an Enhanced Grunt 13112 | -6/Cetus | Manufactured an Enhanced Grunt 13112 | -6/Cetus | Discovered new exit (range 15) 13137 | -6/Cetus | Manufactured an Enhanced Grunt 13140 | -6/Cetus | Spotted Cetus Guard 13140 | -6/Cetus | Spotted Cetus Guard 13147 | -6/Cetus | Allies destroyed Cetus Guard 13147 | -6/Cetus | Spotted Cetus Guard 13151 | -6/Cetus | Spotted Cetus Guard 13154 | -6/Cetus | Allies destroyed Cetus Guard 13155 | -6/Cetus | Destroyed Cetus Guard 13158 | -6/Cetus | Destroyed Cetus Guard 13162 | -6/Cetus | Manufactured an Enhanced Grunt 13168 | -6/Cetus | Discovered exit to Factory (range 15) 13180 | -6/Cetus | Met Revision 17 13262 | -6/Cetus | Identified exit to Archives 13299 | -6/Cetus | Entered Archives 13299 | -6/Archives | Accompanied by 15 allies (A7) 13346 | -6/Archives | Unable to access archive contents 13365 | -6/Archives | Lost 5 allies 13367 | -6/Archives | Discovered new exit (range 16) 13393 | -6/Archives | Discovered exit to Factory (range 14) 13442 | -6/Archives | Discovered new exit (range 15) 13494 | -6/Archives | Unable to access archive contents 13580 | -6/Archives | Identified exit to Hub_04(d) 13593 | -6/Archives | Entered Hub_04(d) 13593 | -6/Hub_04(d) | Accompanied by 9 allies 13619 | -6/Hub_04(d) | Spotted B-75 Beast 13625 | -6/Hub_04(d) | Discovered exit to Factory (range 16) 13638 | -6/Hub_04(d) | Allies destroyed B-75 Beast 13799 | -6/Hub_04(d) | Network Hub disabled 13800 | -6/Hub_04(d) | System corruption reached 30% 13805 | -6/Hub_04(d) | Spotted Lightning 13805 | -6/Hub_04(d) | Spotted Lightning 13812 | -6/Hub_04(d) | Spotted Lightning 13824 | -6/Hub_04(d) | Spotted Lightning 13825 | -6/Hub_04(d) | Destroyed Lightning 13827 | -6/Hub_04(d) | Destroyed Lightning 13829 | -6/Hub_04(d) | Allies destroyed Lightning 13829 | -6/Hub_04(d) | Spotted Lightning 13832 | -6/Hub_04(d) | Spotted Lightning 13845 | -6/Hub_04(d) | Core integrity fell below 50% 13851 | -6/Hub_04(d) | Entered Factory 13851 | -5/Factory | Evolved 2 slots: Propulsion x2 13877 | -5/Factory | Lost 7 allies 13967 | -5/Factory | Identified exit to Garrison 13967 | -5/Factory | Entered Garrison 13967 | -5/Garrison | Discovered recently destroyed garrison 14291 | -5/Garrison | Garrison Relay disabled 14349 | -5/Garrison | Discovered new exit (range 12) 14563 | -5/Garrison | Discovered new exit (range 48) 14563 | -5/Garrison | Discovered new exit (range 23) 14563 | -5/Garrison | Discovered new exit (range 89) 14692 | -5/Garrison | Garrison Relay disabled 14884 | -5/Garrison | Identified exit to Factory 14900 | -5/Garrison | Entered Factory 14900 | -5/Factory | Accompanied by 2 allies 15500 | -5/Factory | Garrison activated, responded to threat 15682 | -5/Factory | Lost 3 parts (1p2w) 16117 | -5/Factory | Lost 3 parts (3u) 16569 | -5/Factory | Identified exit to Upper Caves 16756 | -5/Factory | Discovered new exit (range 59) 17080 | -5/Factory | Discovered new exit (range 8) 17088 | -5/Factory | Identified exit to Factory 17416 | -5/Factory | Entered Upper Caves 17422 | -5/Upper Caves | Met a Warlord Commander 17423 | -5/Upper Caves | Learned location of Warlord (-5) 17424 | -5/Upper Caves | Warlord Commander delivered Encrypted Comm Array 17425 | -5/Upper Caves | Found Encrypted Comm Array 17679 | -5/Upper Caves | Build established: Tank 17810 | -5/Upper Caves | Learned 12 Factory zone layouts 18210 | -5/Upper Caves | Acquired the password to a Derelict Tinkerer's latest research 18249 | -5/Upper Caves | Found Prototype Special Weapon 18249 | -5/Upper Caves | Identified Molecular Deconstructor 18367 | -5/Upper Caves | Attracted the attention of an 0b10 checkpoint 18394 | -5/Upper Caves | Destroyed 7 combat bots 18398 | -5/Upper Caves | Discovered new exit (range 15) 18416 | -5/Upper Caves | Identified exit to Upper Caves 18418 | -5/Upper Caves | Entered another Upper Caves area 18748 | -5/Upper Caves | Discovered new exit (range 9) 18759 | -5/Upper Caves | Identified exit to Warlord 18761 | -5/Upper Caves | Entered Warlord 18821 | -5/Warlord | System corruption cleaned by Quarantine Array 18856 | -5/Warlord | Discovered new exit (range 14) 19257 | -5/Warlord | Met Warlord 19282 | -5/Warlord | Warlord's base attacked by MAIN.C 19612 | -5/Warlord | Found Prototype Energy Gun 19612 | -5/Warlord | Identified Vortex Shotgun 19618 | -5/Warlord | Found Prototype Launcher 19621 | -5/Warlord | Found Vortex Shotgun 19632 | -5/Warlord | Warlord forces counterattacked 19834 | -5/Warlord | Lost 6 allies 19957 | -5/Warlord | Warlord base infiltrated, sounded retreat 19971 | -5/Warlord | Opened side exit 20046 | -5/Warlord | Spotted Executioner 20109 | -5/Warlord | Identified exit to Proximity Caves 20111 | -5/Warlord | Entered Proximity Caves 20130 | -4/Proximity Caves | Lost 6 allies 20149 | -4/Proximity Caves | Learned Research trap positions 20252 | -4/Proximity Caves | Attracted the attention of an 0b10 outpost 20271 | -4/Proximity Caves | Spotter reported a threat 20384 | -4/Proximity Caves | Spotter reported a threat 20397 | -4/Proximity Caves | Spotter reported a threat 20438 | -4/Proximity Caves | Spotter reported a threat 20450 | -4/Proximity Caves | Spotter reported a threat 20503 | -4/Proximity Caves | Spotter reported a threat 20556 | -4/Proximity Caves | Spotter reported a threat 20725 | -4/Proximity Caves | Spotted B-86 Titan 20743 | -4/Proximity Caves | Spotter reported a threat 20774 | -4/Proximity Caves | Destroyed B-86 Titan 20815 | -4/Proximity Caves | Learned location of Quarantine (-3) 20858 | -4/Proximity Caves | Spotter reported a threat 20911 | -4/Proximity Caves | Spotter reported a threat 20945 | -4/Proximity Caves | Learned Research stockpile data 21020 | -4/Proximity Caves | Destroyed 7 combat bots 21143 | -4/Proximity Caves | Discovered exit to Factory (range 4) 21152 | -4/Proximity Caves | Entered Factory 21152 | -4/Factory | Evolved 2 slots: Power x1, Utility x1 21153 | -4/Factory | Identified exit to Research 21362 | -4/Factory | Identified exit to Upper Caves 21402 | -4/Factory | Search patrols dispatched 21652 | -4/Factory | Search patrols dispatched 21853 | -4/Factory | Sucked down chute 21853 | -4/Factory | Entered Waste 21868 | -4/Waste | EMP discharged 21868 | -4/Waste | System corruption reached 10% 21886 | -4/Waste | Destroyed C-40 Crusher 21901 | -4/Waste | Spotted C-40 Crusher 21907 | -4/Waste | Destroyed C-40 Crusher 21909 | -4/Waste | Spotted C-40 Crusher 21911 | -4/Waste | Destroyed C-40 Crusher 21913 | -4/Waste | Spotted C-40 Crusher 21919 | -4/Waste | Destroyed C-40 Crusher 21924 | -4/Waste | Spotted C-40 Crusher 21946 | -4/Waste | Destroyed C-40 Crusher 21956 | -4/Waste | Spotted C-40 Crusher 21966 | -4/Waste | Destroyed C-40 Crusher 21968 | -4/Waste | EMP discharged 22003 | -4/Waste | Discovered new exit (range 16) 22027 | -4/Waste | Identified exit to Factory 22028 | -4/Waste | Entered Factory 22411 | -4/Factory | Fabricated Imp. Force Field (x2) 22517 | -4/Factory | Identified Vortex Catalyst Activator 22546 | -4/Factory | Destroyed 8 combat bots 22887 | -4/Factory | Fabricated Centrium Heavy Treads? 23361 | -4/Factory | Spotted B-86 Titan 23497 | -4/Factory | Destroyed B-86 Titan 23527 | -4/Factory | Lost 5 parts (1p1n1u2w) 23886 | -4/Factory | Lost 9 parts (2p3n2u2w) 24017 | -4/Factory | Found Prototype Processor 24017 | -4/Factory | Identified Exp. Signal Interpreter 24703 | -4/Factory | System corruption reached 30% 24730 | -4/Factory | Discovered exit to Research (range 46) 24904 | -4/Factory | Fabricated Centrium Heavy Treads? 25028 | -4/Factory | First assault squad dispatched 25074 | -4/Factory | Fabricated Centrium Heavy Treads? 25108 | -4/Factory | Core integrity fell below 50% 25185 | -4/Factory | Core integrity fell below 20% 25221 | -4/Factory | Lost 26 parts (3p5n7u11w) 25339 | -4/Factory | Entered Research 25339 | -3/Research | Evolved 2 slots: Utility x2 25340 | -3/Research | Loaded intel: 85 trap records 25389 | -3/Research | Build established: Mutant 25539 | -3/Research | Revision forces began assault on 0b10 25569 | -3/Research | Met up with Revision 17++ 25833 | -3/Research | Found Prototype Launcher 25833 | -3/Research | Identified Tesla Bomb Launcher 25838 | -3/Research | Found Tesla Bomb Launcher 25941 | -3/Research | Identified exit to Armory 25941 | -3/Research | Identified exit to Quarantine 26039 | -3/Research | Research terminal network offline 26174 | -3/Research | Found Gamma Bomb Array 26478 | -3/Research | Build established: Scavenger-Gladiator 26502 | -3/Research | Spotted Striker 26521 | -3/Research | Spotted Executioner 26521 | -3/Research | Spotted Striker 26552 | -3/Research | Lost 8 allies 26582 | -3/Research | Spotted Striker 26746 | -3/Research | Entered Quarantine 26887 | -3/Quarantine | Found Alien Slashing Weapon 26887 | -3/Quarantine | Identified Sigix Broadsword 27099 | -3/Quarantine | Found Alien Artifact 27099 | -3/Quarantine | Identified Phase Armor 27205 | -3/Quarantine | Scanned by Researcher 27300 | -3/Quarantine | Found Gamma Bomb Array 27336 | -3/Quarantine | Identified exit to Research 27385 | -3/Quarantine | Met incapacitated Sigix Warrior 27385 | -3/Quarantine | Lockdown squad dispatched 27400 | -3/Quarantine | Found Sigix Containment Pod 27575 | -3/Quarantine | Found Alien Reactor 27575 | -3/Quarantine | Identified Matter Drive 27719 | -3/Quarantine | System corruption reached 10% 27857 | -3/Quarantine | Lost 4 parts (2n2u) 28089 | -3/Quarantine | Lost 4 parts (1p2n1u) 28098 | -3/Quarantine | System corruption reached 30% 28147 | -3/Quarantine | Found Alien Impact Weapon 28147 | -3/Quarantine | Identified Core Stripper 28165 | -3/Quarantine | Lost 4 parts (2n1u1w) 28191 | -3/Quarantine | Entered Research 28191 | -2/Research | Warlord forces began assault on 0b10 28191 | -2/Research | Evolved 2 slots: Utility x1, Weapon x1 28216 | -2/Research | Distinguished unit "Department No. 42" dispatched to help 28301 | -2/Research | Research machine network offline 28412 | -2/Research | Lost 5 allies 28812 | -2/Research | Lost 3 allies 28956 | -2/Research | Warlord destroyed during the assault 28967 | -2/Research | Spotted Executioner 28967 | -2/Research | Spotted Executioner 29017 | -2/Research | Spotted B-90 Cyclops 29298 | -2/Research | Discovered new exit (range 16) 29315 | -2/Research | Identified exit to Access 29316 | -2/Research | Entered Access 29316 | -1/Access | Evolved 2 slots: Utility x1, Weapon x1 29349 | -1/Access | Garrison activated, responded to threat 29503 | -1/Access | Destroyed 10 combat bots 29525 | -1/Access | Lost 5 parts (2u3w) 29548 | -1/Access | System corruption reached 10% 29611 | -1/Access | System corruption reached 30% 29634 | -1/Access | Found Exp. Signal Interpreter 29668 | -1/Access | Lost 7 parts (2p1n4u) 29807 | -1/Access | Lost 15 parts (2p2n5u6w) 29816 | -1/Access | First assault squad dispatched 29893 | -1/Access | Released all parts (12) 29896 | -1/Access | Core integrity fell below 50% 29927 | -1/Access | Lost 5 parts (3n2w) 30015 | -1/Access | Core integrity fell below 20% 30032 | -1/Access | Lost 7 parts (2p4n1w) 30139 | -1/Access | Destroyed by P-80 Master with Gamma Rifle Last Messages --------------- 30057_ Identified Field Propulsion Array. 30059_ Acquired Field Propulsion Array. 30060_ Dropped Arm. Medium Treads. 30061_ Acquired Field Propulsion Array. 30066_ ALERT: Unidentified disturbance in Zone 2H, assault force dispatched. 30073_ System corrupted: Slammed into wall. 30075_ 4KS2HWVF9CKGYE 30096_ System corrupted: Matter fused (-8). 30099_ Door malfunctions. 30108_ Acquired Imp. Reaction Control System. 30123_ Acquired Hvy. Machine Gun. 30125_ Acquired 40 matter. 30126_ Acquired Lgt. Antimatter Reactor. 30128_ Acquired Xenon Bombardment Thruster. 30130_ System corrupted: Hvy. Shock Bomb Launcher fused. 30138_ System corrupted: Slammed into wall. 30139_ Slug penetrates Wall. [Achievement: Overachiever] Map ----- +----------------------------------------------------+ | ????????????????????????????????? ??????????????? | | ????????????????????????????????? ??????????????? | | ????????????????????????????????? ??????????????? | | ????????????????????????????????# ??????????????? | | ????????????????????????????????# #?????????????? | | ????????????????????????????????# #?????????????? | | ????????????????????????????????# #?????????????? | | ????????????????????????????????# #?????????????? | | ????????????????????######?????## ##????????????? | | ????????????????????# !####### #????????????? | | ????????????????????# #????????????? | | ????????????????????# " +????????????? | | ????????????????????# ####### #????????????? | | ????????????#######?## ##??????# ##????????????? | | ????????????# = ?# #???????# #?????????????? | | ????????????# ?# #???????# #?????????????? | | ????????????#!!! # #???????# #?????????????? | | ????????????#!!! # #???????# #?????????????? | | ????????????#!! + #???????# #?????????????? | | ????????????# # #??????## ##????????????? | | ????????????# ## #??????# #????????????? | | ????????????# ??# #??????# ############## | | ???????????# ??# #??????# | | ???????????#########??# #??????# | | ????????????# #### ######## | | ????????????# ! p = @ p | | ????????????# ###################/########### | | ????????????# #?????????????????????????????? | | ????????????# #?????????????????????????????? | | ????????????# #?????????????????????????????? | | ????????????#######??????????????????????????????? | | ?????????????????????????????????????????????????? | | | | | | | | | | | | | | | | | | | | | | | | | | | | | | | | | | | | | +----------------------------------------------------+ Best States ------------- Heat Dissipation 124 Coolant Potential 100 Energy Generation 53 Energy Capacity 1190 Matter Stores 300 Matter Capacity 300 Sight Range 22 Robot Scan Range 16 Terrain Scan Range 16 Terrain Scan Density 10 Armor Coverage 1200 Resistance: KI 30 Resistance: TH 10 Resistance: EM 25 Core Shielding 30 Melee Speed Boost 30 Phase Shifting 15 Evasion (%) 65 Melee Accuracy 14 Target Analysis 8 Recoil Reduction 6 Offensive Hacking 12 Defensive Hacking 14 Trap Extractor Capacity 4 Item Schematics ----------------- Lgt. Treads | -9/Materials | Scanalyzed Med. Treads | -6/Factory | Scanalyzed Imp. Medium Treads | -5/Factory | Scanalyzed Centrium Heavy Treads | -5/Factory | Scanalyzed Huge Storage Unit | -3/Research | Hacked Exp. Signal Interpreter | -3/Quarantine | Archive Prc. Matter Filter | -3/Quarantine | Archive Particle Accelerator | -3/Quarantine | Archive Hvy. Hardcell Cannon | -3/Quarantine | Archive Cld. Plasma Rifle | -3/Quarantine | Archive Adv. Matter Compressor | -3/Quarantine | Archive Hvy. Dispersion Rifle | -3/Quarantine | Archive Imp. Matter Compressor | -3/Quarantine | Archive Imp. Energy Well | -3/Quarantine | Archive Robot Schematics ------------------ K-01 Serf | -3/Quarantine | Archive S-43 Plague | -3/Quarantine | Archive Fabricated ------------ Med. Treads | x2 | -6/Factory Imp. Force Field | x2 | -4/Factory | Preloaded Centrium Heavy Treads | x1 | -4/Factory Centrium Heavy Treads | x1 | -4/Factory Centrium Heavy Treads | x1 | -4/Factory Repaired ---------- Mni. Grenade Launcher | 22% | -8/Materials Lyr. Heavy Armor Plating | 50% | -7/Factory Alien Tech Used ----------------- Sigix Broadsword Phase Armor Matter Drive Core Stripper Achievements -------------- Deconstruction False Reunion Gunslinger Overachiever Prison Break Project G-00 Revising The Future Revolutionary Research Challenges ------------ None Game ------ Seed RefineryTrackerBroadsword Manual? 0 Play Time 08:28:43 Cumulative 152.6 hours Start 2025.09.08 @ 14:01:56 End 2025.09.10 @ 08:05:13 Sessions 19 Manual Loads 0 Difficulty Rogue Special Mode None Game No. 54 Rogue 54 Adventurer 0 Explorer 0 Win Type - Total 2 Types 2/0/0/0/0/0/0/0/0/0 Lore% 56 Gallery% 57 Achievement% 51 Wizard Run 0 Options --------- Layout 1 ASCII 0 Keyboard 0 Movement Mouse Keybinds 0 Fullscreen 1 Font 32/Smallcaps Map View 50x35 Zoom Use 0% Tactical HUD 1 Map Filters NONE Filters NONE Steam 1 RUN: a2d1cf26-6163-413b-8e83-a312c0bf0113